 Dungeon Crawl Stone Soup version 0.30-a0-613-gdd512c7efb (webtiles) character file.

Game seed: 5497787998222288239

15642 acebull12 the Unseen (level 12, -2/59 HPs)
             Began as a Spriggan Warper on Jan 8, 2023.
             Was an Elder of Dithmenos.
             Slain by a manticore (22 damage)
             ... on level 10 of the Dungeon.
             The game lasted 01:34:44 (18031 turns).

acebull12 the Unseen (Spriggan Warper)             Turns: 18031, Time: 01:34:44

Health: -2/59      AC:  5    Str: 13    XL:     12   Next: 3%
Magic:  21/26      EV: 25    Int: 22    God:    Dithmenos [****..]
Gold:   852        SH:  5    Dex: 24    Spells: 24/29 levels left

rFire   . . .      SeeInvis +    L - +3 rapier (venom)
rCold   . . .      Faith    .    (no shield)
rNeg    + . .      Spirit   .    D - +1 robe {rN+}
rPois   .          Reflect  +    h - +1 hat "Iniog" {Dex+6}
rElec   .          Harm     .    H - +0 cloak
rCorr   .          Rampage  .    (gloves unavailable)
Will    ++...                    (boots unavailable)
Stlth   ++++++++++               U - amulet of reflection
HPRegen 0.29/turn                j - +6 ring of strength
MPRegen 0.20/turn                y - +6 ring of intelligence

@: spiked, wreathed by umbra, very quick
A: very small, no large weapons, unfitting armour, see invisible, speed 3,
sturdy frame 1
a: Renounce Religion, Shadow Step


You were on level 10 of the Dungeon.
You worshipped Dithmenos.
Dithmenos was greatly pleased with you.
You visited 3 branches of the dungeon, and saw 13 of its levels.

You collected 852 gold pieces.

Inventory:

Hand Weapons
 c - a +1 dagger of venom
 g - the +8 long sword of Abih {heavy, +Blink rN+ Dex+2}
   (You found it on level 9 of the Dungeon)

   Dex:       It affects your dexterity (+2).
   rN:        It protects you from negative energy.
   +Blink:    It lets you blink.
 I - the +7 flail of Inference {antimagic, rC+}
   (You found it on level 8 of the Dungeon)

   rC:        It protects you from cold.
 L - a +3 rapier of venom (weapon)
Missiles
 C - 11 boomerangs (quivered)
 G - a throwing net
Armour
 b - a scarf of invisibility
 h - the +1 hat "Iniog" (worn) {Dex+6}
   (You acquired it on level 9 of the Dungeon)

   Dex:       It affects your dexterity (+6).
 D - a +1 robe of positive energy (worn)
 H - a +0 cloak (worn)
 N - a +1 robe of cold resistance
Jewellery
 d - a ring of willpower
 j - a +6 ring of strength (left hand)
 k - a ring of protection from fire
 u - an amulet of faith
 y - a +6 ring of intelligence (right hand)
 E - a ring of willpower
 F - a ring of flight
 Q - a ring of magical power
 R - a ring of resist corrosion
 T - the ring "Bionki" {Ice rPois rN+ Will+ Stlth-}
   (You found it on level 10 of the Dungeon)

   [ring of ice]

   It enhances your ice magic.
   rF:        It makes you vulnerable to fire.
   rC:        It protects you from cold.
   rPois:     It protects you from poison.
   rN:        It protects you from negative energy.
   Will:      It increases your willpower.
   Stlth:     It makes you less stealthy.
 U - an amulet of reflection (around neck)
Wands
 f - a wand of acid (23)
 B - a wand of flame (73)
 J - a wand of iceblast (6)
 X - a wand of paralysis (11)
Scrolls
 n - 2 scrolls of teleportation {unknown}
 o - 3 scrolls of immolation {unknown}
 p - a scroll of fog {unknown}
 q - a scroll of vulnerability {unknown}
 s - a scroll of enchant armour {unknown}
 t - 4 scrolls of enchant weapon
 v - a scroll of butterflies {unknown}
 z - a scroll of poison {unknown}
 K - 2 scrolls of fear {unknown}
 M - a scroll of torment {unknown}
 P - a scroll of amnesia {unknown}
 S - a scroll of brand weapon {unknown}
Potions
 a - 3 potions of haste
 e - 2 potions of brilliance
 i - 8 potions of curing
 l - a potion of magic {unknown}
 m - 2 potions of ambrosia
 r - 2 potions of lignification
 w - a potion of cancellation
 x - a potion of invisibility
 A - 4 potions of flight
 O - a potion of heal wounds
 W - a potion of might
Miscellaneous
 V - a tin of tremorstones (2/2)


   Skills:
 + Level 4.8 Fighting
 + Level 9.5(9.6) Short Blades
 + Level 1.0(4.6) Long Blades
 - Level 1.0 Throwing
 + Level 8.2 Dodging
 * Level 15.7 Stealth
 + Level 0.3 Shields
 * Level 9.1 Spellcasting
 * Level 11.1 Translocations
 * Level 5.7 Air Magic
 + Level 0.1 Evocations


You had 24 spell levels left.
You knew the following spells:

 Your Spells              Type           Power      Damage    Failure   Level
a - Blink                 Tloc           100%       N/A       1%          2
b - Vhi's Electric Charg  Tloc/Air       94%        N/A       1%          3

Your spell library contained the following spells:

 Spells                   Type           Power      Damage    Failure   Level
 Momentum Strike          Conj/Tloc      68%        3d9       1%          2
 Lesser Beckoning         Tloc           100%       N/A       1%          3
 Teleport Other           Tloc           56%        N/A       1%          3
 Manifold Assault         Tloc           56%        N/A       1%          4


Dungeon Overview and Level Annotations

Branches:
Dungeon (10/15)            Temple (1/1) D:5            Lair (2/5) D:8
  Swamp: Lair:2-3    Shoals: Lair:2-3     Snake: Lair:2-3    Spider: Lair:2-3
    Orc: D:9-12

Altars:
Ashenzari
Cheibriados
Dithmenos
Elyvilon
Fedhas
Gozag
Hepliaklqana
Kikubaaqudgha
Makhleb
Nemelex Xobeh
Okawaru
Qazlal
Ru
Sif Muna
Trog
Uskayaw
Vehumet
Wu Jian
Xom
Yredelemnul
Zin
The Shining One

Shops:
D:10 (

Annotations:
D:5 Sigmund
D:8 exclusion: 4 doors
D:9 2 transporters


Innate Abilities, Weirdness & Mutations

You are very small and have problems with some larger weapons.
You are too small for most types of armour.
You have supernaturally acute eyesight. (SInv)
You cover ground extremely quickly. (Speed+++)
Your movements are slightly less encumbered by armour. (ER -2)


Message History

The yaktaur completely misses you.
You puncture the yaktaur!
You kill the yaktaur!
Dithmenos accepts your kill.
You hit the manticore.
The manticore is poisoned.
The manticore is lightly wounded.
Your shadow closely misses the manticore.
You hit the manticore.
The manticore looks as sick as possible!
The manticore is lightly wounded.
The manticore completely misses you. The manticore closely misses you.
The manticore claws you!
You barely miss the manticore. You punch the manticore.
The manticore is lightly wounded.
Your shadow closely misses the manticore.
You block the manticore's attack. The manticore completely misses you.
The manticore closely misses you.
You hit the manticore but do no damage.
The manticore looks as sick as possible!
The manticore is moderately wounded.
The manticore misses you. The manticore claws you! The manticore claws you.
You hit the manticore but do no damage.
The manticore looks as sick as possible!
The manticore is moderately wounded.
The manticore flicks its tail.
The volley of spikes hits you!
The barbed spikes become lodged in your body.
You closely miss the manticore.
The manticore is moderately wounded.
The manticore bites you. The manticore closely misses you. x2
Casting: Blink (safe; 1% risk of failure)
Confirm with . or Enter, or press ? or * to list all spells.
You blink.
Casting: Blink (safe; 1% risk of failure)
Confirm with . or Enter, or press ? or * to list all spells.
You blink.
Casting: Blink (safe; 1% risk of failure)
Confirm with . or Enter, or press ? or * to list all spells.
You blink.
The manticore bites you!!
You die...

.................................
.................................
.############################....
.#############..## #...#
.#.##..8.8.8..##.# #...#
##.##8......)8##.## #...#
#.#.##..~.~..##...# ##...#
#.#.##8..8..8##...## #....#
.###.##..~..##..@.ยง# ##.....
.#.#.##8...8##.H...# #......
##.##.##...##.##.##.# ##......
#..)#.##8.8###.#.#.## #.......
##.###.##.##.###.### ##.......
.......##.##......... #........
#######'##'##+######## #........
.#.#..#..##.# ##........
..#.#.#.###.## #.........


You could see a manticore (very poisoned).

Vanquished Creatures
  Erolcha (D:9)
  A boulder beetle (Lair:1)
  4 two-headed ogres
  A manticore (D:8)
  A salamander (shapeshifter) (D:10)
  2 komodo dragons (Lair:2)
  2 trolls (D:10)
  A yaktaur (shapeshifter) (D:10)
  3 meliai (D:10)
  2 hornets
  2 wraiths
  2 wyverns
  A shadow (D:10)
  A human (D:5)
  25 yaks
  Menkaure (D:6)
  Edmund (D:4)
  3 water moccasins
  6 orc warriors
  2 sky beasts
  3 black bears
  2 ice beasts
  6 centaurs
  A phantom (D:6)
  3 kobold brigands
  8 bullfrogs
  2 gnoll sergeants (D:10)
  5 scorpions
  3 necrophages
  4 wights
  6 killer bees
  A human zombie (D:5)
  A jelly (D:6)
  2 hounds
  8 orc priests
  An iguana (D:6)
  7 orc wizards
  Ijyb (D:4)
  6 gnolls
  5 adders
  12 dart slugs
  32 orcs
  6 ball pythons
  7 endoplasms
  6 goblins
  7 hobgoblins
  2 quokkas
  6 bats
  13 kobolds
  11 rats
239 creatures vanquished.

Vanquished Creatures (others)
  11 fungi
  10 plants
21 creatures vanquished.

Grand Total: 260 creatures vanquished

Notes
Turn   | Place    | Note
-------+----------+-------------------------------------------
     0 | D:1      | acebull12 the Spriggan Warper began the quest for the Orb.
     0 | D:1      | Reached XP level 1. HP: 10/10 MP: 5/5
   224 | D:1      | Reached XP level 2. HP: 9/15 MP: 6/6
   477 | D:1      | Reached skill level 1 in Stealth
  1237 | D:1      | Reached skill level 5 in Translocations
  1264 | D:1      | Learned a level 2 spell: Blink
  1359 | D:1      | Reached XP level 3. HP: 9/18 MP: 8/8
  1521 | D:2      | Found a faded altar of an unknown god.
  1836 | D:2      | Found a hazy altar of Hepliaklqana.
  2117 | D:2      | Reached skill level 2 in Stealth
  2158 | D:2      | Reached XP level 4. HP: 20/23 MP: 10/10
  3356 | D:3      | Reached XP level 5. HP: 26/26 MP: 11/11
  3773 | D:3      | Reached skill level 3 in Stealth
  4402 | D:4      | Noticed Edmund
  4444 | D:4      | Noticed a phantom
  4632 | D:4      | Identified the +9 short sword of Qoull {flame, *Slow rN++
                  | Str+2 SInv}
  4708 | D:4      | Found a blossoming altar of Fedhas.
  4790 | D:4      | Reached skill level 4 in Stealth
  4874 | D:4      | Killed Edmund
  4875 | D:4      | Reached XP level 6. HP: 28/30 MP: 13/13
  5089 | D:4      | Noticed Ijyb
  5108 | D:4      | Killed Ijyb
  5414 | D:4      | Learned a level 3 spell: Vhi's Electric Charge
  5444 | D:5      | Entered Level 5 of the Dungeon
  5529 | D:5      | Reached skill level 5 in Stealth
  5665 | D:4      | Identified the +1 leather armour of Jyucal {rC- Will+
                  | Str+2}
  5693 | D:5      | Noticed Sigmund
  5728 | D:5      | Noticed an ice beast
  5771 | D:5      | Found a staircase to the Ecumenical Temple.
  5775 | D:5      | Reached XP level 7. HP: 21/35 MP: 14/14
  5780 | Temple   | Entered the Ecumenical Temple
  6937 | Temple   | Became a worshipper of Dithmenos the Shadowed
  6954 | Temple   | Reached skill level 6 in Stealth
  6987 | D:5      | Noticed a human
  6988 | D:5      | Found a runed translucent door.
  6993 | D:5      | Reached skill level 1 in Air Magic
  6993 | D:5      | Found a basalt altar of Yredelemnul.
  7012 | D:5      | Killed a human
  7124 | D:5      | Reached skill level 5 in Spellcasting
  7345 | D:5      | Reached skill level 7 in Stealth
  7376 | D:5      | Reached XP level 8. HP: 39/39 MP: 16/16
  7434 | D:5      | Found a white marble altar of Elyvilon.
  7510 | D:5      | Reached skill level 5 in Short Blades
  7712 | D:6      | Noticed Menkaure
  7959 | D:6      | Reached * piety under Dithmenos
  8131 | D:6      | Reached skill level 5 in Dodging
  8131 | D:6      | Reached skill level 8 in Stealth
  8403 | D:6      | Killed Menkaure
  8987 | D:7      | Identified the +3 flail "Asus" {pain, rElec Str+6}
  9061 | D:6      | Gained mutation: Your movements are slightly less
                  | encumbered by armour. (ER -2) [potion of mutation]
  9112 | D:7      | You fall into a shaft and drop 2 floors!
  9227 | D:8      | Identified the +7 flail of Inference {antimagic, rC+}
  9774 | D:6      | Reached skill level 9 in Stealth
  9891 | D:6      | Reached XP level 9. HP: 25/44 MP: 18/18
 10422 | D:7      | Found a broken altar of Ashenzari.
 10504 | D:6      | HP: 1/44 [killer bee (6)]
 11713 | D:8      | Noticed a death yak
 11933 | D:8      | Noticed a manticore
 11937 | D:8      | Killed a manticore
 11938 | D:8      | Reached skill level 10 in Stealth
 12181 | D:8      | Reached ** piety under Dithmenos
 12220 | D:8      | Found a staircase to the Lair.
 12223 | D:8      | Noticed a death yak
 12347 | D:8      | Noticed a death yak
 12599 | Lair:1   | Entered Level 1 of the Lair of Beasts
 12608 | Lair:1   | Noticed a boulder beetle
 12636 | Lair:1   | HP: 1/45 [boulder beetle (44)]
 12643 | Lair:1   | Killed a boulder beetle
 12644 | Lair:1   | Reached XP level 10. HP: 3/49 MP: 21/21
 12849 | Lair:1   | Reached skill level 11 in Stealth
 12994 | Lair:1   | Noticed a black mamba
 13003 | Lair:1   | Noticed a cane toad
 13069 | Lair:2   | Noticed a four-headed hydra
 13127 | Lair:2   | Noticed a cane toad
 13253 | Lair:2   | Reached skill level 12 in Stealth
 13309 | Lair:1   | Noticed a cane toad
 13996 | D:9      | Identified a scroll of acquirement
 13996 | D:9      | Acquired the +1 hat "Iniog" {Dex+6}
 14415 | D:9      | Noticed a two-headed ogre
 14422 | D:9      | Killed a two-headed ogre
 14436 | D:9      | Noticed a centaur warrior
 14440 | D:9      | Noticed a centaur warrior
 14441 | D:9      | Noticed a two-headed ogre
 14482 | D:9      | Reached skill level 13 in Stealth
 14511 | D:9      | Noticed a black mamba
 14605 | D:9      | Noticed Erolcha
 15111 | D:9      | Reached skill level 10 in Translocations
 15219 | D:9      | Noticed a purple ugly thing
 15222 | D:9      | Noticed a boulder beetle
 15222 | D:9      | Noticed a gargoyle
 15248 | D:9      | Noticed a centaur warrior
 15249 | D:9      | Found a transporter.
 15295 | D:9      | Found a transporter.
 15344 | D:9      | Killed Erolcha
 15345 | D:9      | Reached XP level 11. HP: 53/53 MP: 22/24
 15481 | D:9      | Identified the +8 long sword of Abih {heavy, +Blink rN+
                  | Dex+2}
 15602 | D:8      | Reached skill level 5 in Air Magic
 15775 | D:9      | Noticed a lindwurm
 16168 | D:9      | Killed a two-headed ogre
 16169 | D:9      | Reached skill level 14 in Stealth
 16245 | D:10     | Entered Level 10 of the Dungeon
 16319 | D:10     | Reached *** piety under Dithmenos
 16472 | D:10     | Reached skill level 1 in Long Blades
 16601 | D:10     | Identified the ring "Bionki" {Ice rPois rN+ Will+ Stlth-}
 16782 | D:10     | Reached skill level 15 in Stealth
 17037 | D:10     | Noticed a two-headed ogre
 17042 | D:10     | Killed a two-headed ogre
 17207 | D:10     | Found Tantugur's Antique Weapon Emporium.
 17607 | D:10     | Noticed a two-headed ogre
 17612 | D:10     | Reached **** piety under Dithmenos
 17737 | D:10     | Killed a two-headed ogre
 17961 | D:10     | Reached XP level 12. HP: 58/58 MP: 26/26
 18031 | D:10     | Slain by a manticore

Illustrated notes

Levels and vault maps discovered:
D:1:      nicolae_arrival_somewhat_less_tricky_arrival, layout_basic
D:2:      layout_loops_ring, hellmonk_ecumenical_altar_crossroads, basic_altar
D:3:      kennysheep_slugbush, layout_basic, grunt_ministairs_8,
          kennysheep_crisscross
D:4:      layout_loops_cross, fedhas_altar_4, minmay_crystal_water,
          st_stairs_10, uniq_ijyb, uniq_edmund
D:5:      layout_rooms, dk_yredelemnul_ordeal, lemuel_coloured_pillars_altar,
          minmay_temple_entry_waves, uniq_sigmund
D:6:      layout_basic, uniq_menkaure
D:7:      layout_rooms, kennysheep_mini
D:8:      layout_basic, dpeg_lair_monsters, minmay_three_doors
D:9:      gammafunk_the_bubble [the_bubble_gammafunk_crates], layout_small_grid,
          uniq_erolcha
D:10:     minmay_the_grid_triangle_9x9_rhombus_full
          [minmay_the_grid_triangle_9x9_windchime,
          minmay_the_grid_triangle_9x9_shrine,
          minmay_the_grid_triangle_9x9_negative_grid,
          minmay_the_grid_triangle_9x9_corruption,
          minmay_the_grid_triangle_9x9_dagger,
          minmay_the_grid_triangle_9x9_impossible_snake,
          minmay_the_grid_triangle_9x9_warning,
          minmay_the_grid_triangle_9x9_prize_schism], layout_irregular_city,
          serial_shops, nicolae_shop_statue_plus, evilmike_minifort
Temple:   nicolae_temple_bog_church
Lair:1:   dreamdust_cave_troll, layout_loops_ring, serial_bayou_shore_b,
          grunt_megastairs_1
Lair:2:   layout_long_grid, dummy_spider_entry, infiniplex_staircase_pool

Skill      XL: |  1  2  3  4  5  6  7  8  9 10 11 |
---------------+----------------------------------+-----
Stealth        | 1 2 4 5 7 9 10 13 15 | 15.7
Spellcasting   | 3 4 5 7 8 9 |  9.1
Translocations | 5 6 7 9 10 11 | 11.1
Short Blades   | 3 4 6 7 8 9 |  9.5
Fighting       | 2 3 4 |  4.8
Dodging        | 4 5 6 7 8 |  8.2
Air Magic      | 1 2 4 5 |  5.7
Long Blades    | 1 |  1.0
Throwing       | |  1.0
Shields        | |  0.3
Evocations     | |  0.1

Action                   |  1- 3 |  4- 6 |  7- 9 | 10-12 || total
-------------------------+-------+-------+-------+-------++-------
Melee: Dagger            |   149 |   176 |   267 |       ||   592
       Short sword       |    10 |       |       |       ||    10
       Punch             |     2 |     1 |     5 |     7 ||    15
       Rapier            |       |       |   114 |   352 ||   466
       Long sword        |       |       |       |    12 ||    12
Throw: Boomerang         |     7 |       |       |       ||     7
 Cast: Blink             |     1 |     1 |     3 |     4 ||     9
 Abil: Evoke Blink       |       |       |       |     1 ||     1
  Use: Scroll            |     1 |     3 |     8 |     5 ||    17
       Potion            |     1 |       |     3 |       ||     4
 Stab: Sleeping          |     2 |     8 |    17 |    28 ||    55
       Distracted        |     1 |       |     2 |     3 ||     6
Armor: Robe              |    12 |    15 |    19 |    10 ||    56
Dodge: Dodged            |   113 |   101 |   285 |   301 ||   800
Block: Other             |       |       |       |    30 ||    30
       Reflection        |       |       |       |     2 ||     2

Table legend: (Time is in decaauts)
 A = Elapsed time spent in this place.
 B = Non-inter-level travel time spent in this place.
 C = Inter-level travel time spent in this place.
 D = Time resting spent in this place.
 E = Time spent auto-exploring this place.
 F = Levels seen in this place.
 G = Mean time per level.
                   A        B        C        D        E       F      G
               +--------+--------+--------+--------+--------+-----+--------+
         Total |  13223 |  12053 |   1170 |   3790 |   2971 |  13 | 1017.2 |
       Dungeon |  12072 |  10903 |   1169 |   3255 |   2813 |  10 | 1207.2 |
        Temple |    206 |    206 |      0 |     55 |     84 |   1 |  206.0 |
          Lair |    944 |    944 |      0 |    479 |     73 |   2 |  472.0 |
               +--------+--------+--------+--------+--------+-----+--------+

Top non-repeatable levels by time:
     D:6: 1732 daAuts
     D:8: 1626 daAuts
     D:3: 1300 daAuts
    D:10: 1235 daAuts
     D:5: 1131 daAuts
     D:1: 1128 daAuts
     D:4: 1124 daAuts
     D:2: 1026 daAuts
     D:9: 946 daAuts
     D:7: 820 daAuts
  Lair:1: 523 daAuts
  Lair:2: 420 daAuts
  Temple: 206 daAuts
